AoeStats
← hadogear

Arabia

508415392Analyzed
1v1 RM · 9d ago on Sep 22, 2026· 52m 23s· 2 players
Game mode
Random Map
Map size
Tiny (2 player)
Population
200
Speed
Normal
Resources
Standard
Victory
Conquest
Starting age
Dark Age
Ending age
Imperial Age
RankedLock teamsTeams togetherTeam positionsShared explorationLock speedFull tech treeHidden civsTurbo modeCheats
Victory
Defeat
🇪🇸 Sicilians · Spain
128
+25
🇬🇧 Britons · United Kingdom
339
-25
hadogear
3:12 Loom
12:27 Feudal Age
12:52 Horse Collar
13:53 Wheelbarrow
13:49 Double-Bit Axe
22:31 Wheelbarrow
24:56 Castle Age
25:26 Stone Mining
26:03 Bow Saw
26:00 Heavy Plow
27:20 Wheelbarrow
26:52 Pikeman
27:40 Squires
28:46 Forging
30:11 Fletching
35:01 Hand Cart
34:54 Murder Holes
35:50 First Crusade
35:49 Town Watch
36:44 Bloodlines
36:41 Husbandry
38:59 Iron Casting
39:15 Gold Mining
42:58 Imperial Age
41:22 Town Patrol
41:40 Masonry
41:54 Ballistics
44:19 Conscription
43:44 Elite Serjeant
44:48 Hauberk
47:18 Cavalier
H3LLW4DDS
17:30 Feudal Age
18:49 Wheelbarrow
18:24 Double-Bit Axe
18:37 Gold Mining
30:45 Castle Age
29:25 Stone Mining
32:28 Bow Saw
32:59 Gold Shaft Mining
32:10 Horse Collar
47:05 Yeomen
Connection lost

Rejoining the realm…

Still unreachable

The connection could not be restored.

Session expired

The server has moved on; the page needs a fresh start.